 Dungeon Crawl Stone Soup version 0.28-a0-653-g7e9dba17c3 (webtiles) character file.

Game seed: 13861175820539019332

13337 flyleaff the Tainter (level 12, 0/99 HPs)
             Began as a Gnoll Wanderer on Oct 12, 2021.
             Was a Priest of Ashenzari.
             Succumbed to a killer bee's poison
             ... on level 11 of the Dungeon.
             The game lasted 00:48:56 (13732 turns).

flyleaff the Tainter (Gnoll Wanderer)              Turns: 13732, Time: 00:48:56

Health: 0/99       AC: 16    Str: 13    XL:     12   Next: 5%
Magic:  10/27      EV: 17    Int: 17    God:    Ashenzari [***...]
Gold:   618        SH:  0    Dex: 10    Spells: 6/33 levels left

rFire   + . .      SeeInvis +   m - +5 spear (spect)
rCold   . . .      Faith    .   (no shield)
rNeg    . . .      Spirit   .   L - +1 acid dragon scales
rPois   .          Reflect  .   e - +1 hat {Will+}
rElec   .          Harm     .   w - +0 cloak of the Ether {Melee, Evo} (curse)
rCorr   +          Rampage  .   o - +1 pair of gloves "Prison of Ashenzari" {Bglg, Melee} (curse)
Will    +....      Clarity  +   q - +2 pair of boots of Ashenzari's Paranoia {Self, Alch} (curse)
Stlth   +++.......              t - amulet of the Profound Prison {RegenMP, Elem, Self} (curse)
HPRegen 0.26/turn               i - ring "the Ego of Ashenzari" {EV+4, Range, Self} (curse)
MPRegen 0.45/turn               Q - ring of protection from fire

@: lethally poisoned (0 -> -9)
A: fangs 1, strong nose, distributed training
a: Renounce Religion, Curse Item, Shatter the Chains


You were on level 11 of the Dungeon.
You worshipped Ashenzari.
Ashenzari was most pleased with you.
You visited 2 branches of the dungeon, and saw 12 of its levels.
You also visited: Ossuary.

You collected 618 gold pieces.

Inventory:

Hand Weapons
 m - a +5 spectral spear (weapon)
 n - a +6 fustibalus of flaming
 u - a +2 quarterstaff of chaos
 E - a +0 vorpal mace
 F - a +3 scimitar of freezing
 M - a +1 hand crossbow of freezing
 O - the +5 whip of Upheaval {vamp, rN+ Dex+3}
   (You found it on level 9 of the Dungeon)

   It occasionally heals its wielder for a portion of the damage dealt when it
   wounds a living foe.
   Dex:       It affects your dexterity (+3).
   rN:        It protects you from negative energy.
Missiles
 c - 297 stones (quivered)
 f - a curare-tipped dart
 h - 190 arrows
 j - 54 poisoned darts
 C - 94 sling bullets
 D - 23 bolts
 H - 7 boomerangs
Armour
 b - a +0 tower shield
 e - a +1 hat of willpower (worn)
 o - the cursed +1 pair of gloves "Prison of Ashenzari" (worn) {Bglg, Melee}
   (You found it on level 2 of the Dungeon)

   It has a curse which improves the following skills: Beguiling: Conjurations,
   Hexes and Translocations.
   Melee Combat: Short Blades, Long Blades, Axes, Maces & Flails, Polearms,
   Staves and Unarmed Combat.
 q - the cursed +2 pair of boots of Ashenzari's Paranoia (worn) {Self, Alch}
   (You found it on level 3 of the Dungeon)

   It has a curse which improves the following skills: Introspection: Fighting
   and Spellcasting.
   Alchemy:   Poison Magic and Transmutations.
 w - the cursed +0 cloak of the Ether (worn) {Melee, Evo}
   (You took it off Crazy Yiuf on level 3 of the Dungeon)

   It has a curse which improves the following skills: Melee Combat: Short
   Blades, Long Blades, Axes, Maces & Flails, Polearms, Staves and Unarmed
   Combat.
   Evocations: Evocations.
 G - the +0 robe "Ziecsif" {*Slow +Blink rC+ Stlth+}
   (You found it on level 7 of the Dungeon)

   rC:        It protects you from cold.
   +Blink:    It lets you blink.
   *Slow:     It may slow you when you take damage.
   Stlth:     It makes you more stealthy.
 L - +1 acid dragon scales (worn)
 R - a +2 robe of cold resistance
Jewellery
 i - the cursed ring "the Ego of Ashenzari" (left hand) {EV+4, Range, Self}
   (You found it on level 1 of the Dungeon)

   [ring of evasion]

   EV:        It affects your evasion (+4).
   It has a curse which improves the following skills: Ranged Combat: Slings,
   Bows, Crossbows and Throwing.
   Introspection: Fighting and Spellcasting.
 t - the cursed amulet of the Profound Prison (around neck) {RegenMP, Elem, Self}
   (You found it on level 6 of the Dungeon)

   [amulet of magic regeneration]

   It increases your rate of magic regeneration.
   It has a curse which improves the following skills: Elements: Fire Magic, Ice
   Magic, Air Magic and Earth Magic.
   Introspection: Fighting and Spellcasting.
 J - an amulet of regeneration
 N - an amulet of the acrobat
 Q - a ring of protection from fire (right hand)
Wands
 k - a wand of acid (5)
 p - a wand of iceblast (13)
 r - a wand of digging (3)
 s - a wand of polymorph (29)
 y - a wand of flame (54)
Scrolls
 a - a scroll of fear
 I - a scroll of holy word
 K - 2 scrolls of teleportation
Potions
 d - 2 potions of invisibility
 g - 2 potions of flight
 z - a potion of cancellation
 A - a potion of brilliance
 B - 3 potions of lignification
 P - a potion of might


   Skills:
 + Level 6.9(10.8) Fighting
 + Level 6.9(9.9) Short Blades
 + Level 6.9(9.9) Long Blades
 + Level 6.9(9.9) Axes
 + Level 6.9(9.9) Maces & Flails
 + Level 6.9(9.9) Polearms
 + Level 6.9(9.9) Staves
 + Level 6.9(8.8) Slings
 + Level 6.9(8.8) Bows
 + Level 6.9(8.8) Crossbows
 + Level 6.9(8.8) Throwing
 + Level 6.9 Armour
 + Level 6.9 Dodging
 + Level 7.3 Stealth
 + Level 7.4 Shields
 + Level 6.9(9.9) Unarmed Combat
 + Level 7.5(11.4) Spellcasting
 + Level 6.9(8.9) Conjurations
 + Level 5.7(7.6) Hexes
 + Level 5.7 Summonings
 + Level 6.9 Necromancy
 + Level 5.7(7.6) Translocations
 + Level 5.7(7.6) Transmutations
 + Level 5.7(7.6) Fire Magic
 + Level 5.7(7.6) Ice Magic
 + Level 5.7(7.6) Air Magic
 + Level 5.7(7.6) Earth Magic
 + Level 8.0(10.0) Poison Magic
 + Level 7.5 Invocations
 + Level 6.9(8.8) Evocations


You had 6 spell levels left.
You knew the following spells:

 Your Spells              Type           Power      Damage    Failure   Level
a - Sting                 Tmut/Pois      100%       1d8       1%          1
b - Mephitic Cloud        Conj/Pois/Air  39%        N/A       1%          3
c - Call Imp              Summ           29%        N/A       1%          2
d - Magic Dart            Conj           100%       1d8       1%          1
e - Blink                 Tloc           N/A        N/A       1%          2
f - Slow                  Hex            35%        N/A       1%          2
g - Flame Wave            Conj/Fire      37%        3d8       3%          4
h - Swiftness             Air            35%        N/A       1%          3
i - Fire Storm            Conj/Fire      18%        8d5       100%        9

Your spell library contained the following spells:

 Spells                   Type           Power      Damage    Failure   Level
 Animate Skeleton         Necr           66%        N/A       1%          1
 Apportation              Tloc           70%        N/A       1%          1
 Foxfire                  Conj/Fire      100%       2x1d9     1%          1
 Pain                     Necr           100%       1d9       1%          1
 Shock                    Conj/Air       100%       1d9       1%          1
 Summon Small Mammal      Summ           100%       N/A       1%          1
 Corpse Rot               Necr/Air       N/A        N/A       1%          2
 Poisonous Vapours        Pois/Air       78%        N/A       1%          2
 Searing Ray              Conj           80%        2d7       1%          2
 Conjure Flame            Conj/Fire      37%        6-21      1%          3
 Inner Flame              Hex/Fire       35%        N/A       1%          3
 Spider Form              Tmut/Pois      19%        N/A       1%          3
 Fulminant Prism          Conj/Hex       18%        3d11      3%          4
 Agony                    Necr           33%        N/A       16%         5
 Excruciating Wounds      Necr           16%        N/A       16%         5
 Chain Lightning          Conj/Air       18%        3d24      100%        9
 Shatter                  Erth           17%        3d16*     100%        9


Dungeon Overview and Level Annotations

Branches:
Dungeon (11/15)            Temple (1/1) D:4            Lair (0/6) D:10
    Orc (0/2) D:9         Ossuary (visited)

Altars:
Ashenzari
Cheibriados
Dithmenos
Elyvilon
Fedhas
Gozag
Hepliaklqana
Kikubaaqudgha
Makhleb
Nemelex Xobeh
Okawaru
Qazlal
Ru
Sif Muna
Trog
Uskayaw
Vehumet
Wu Jian
Xom
Yredelemnul
Zin
The Shining One

Shops:
D:3 (   D:8 **


Innate Abilities, Weirdness & Mutations

You have very sharp teeth.
Your uncanny sense of smell can sniff out nearby items.
Your experience applies equally to all skills.


Message History

The death knight mumbles some strange prayers to Yredelemnul against you.
You easily resist.
A killer bee comes into view.
The vampire draws life force from you!!
* * * LOW HITPOINT WARNING * * *
The vampire is healed by the life force!
The killer bee stings you but does no damage.
Unknown command.
Unknown command.
Unknown command.
Okay, then.
Okay, then.
Okay, then.
Casting: Flame Wave (dangerous; 3% risk of failure)
Confirm with . or Enter, or press ? or * to list all spells.
You blink.
The killer bee stings you.
* * * LOW HITPOINT WARNING * * *
You are poisoned.
The killer bee poisons you!
You feel very sick.
The killer bee stings you but does no damage.
A kobold demonologist comes into view. It is wielding a +0 dagger.
The killer bee completely misses you.
You feel sick. The killer bee stings you.
* * * LOW HITPOINT WARNING * * *
You feel sick.
The death knight offers itself to Yredelemnul, and fills with unholy energy.
The killer bee stings you.
* * * LOW HITPOINT WARNING * * *
You are more poisoned.
The killer bee poisons you!
Drinking this now will have no effect.
You feel yourself speed up.
* * * LOW HITPOINT WARNING * * *
You feel sick. The killer bee misses you. x2
Your magical effects are unravelling.
You feel magically purged.
You feel yourself slow down.
You die...

....####..#................#
...........................#
#........#####+######......#
#........#.....#....#......#
#........#.....+....#......#
#........#.....#....'......#
#........#.....#....#......#
#.......#.##.##.###.#......#
*#....#.#..#..#@.###......#
, #...#.#.##.##y### #......#
* #.###.....y..###.####.#
#.#.#...#..z...##.# #.#
*..#.#....##p#{#.####* #.#
#.#.#......yy.z...# ,..#
+..#....#.yV#...#..#* ..#
#.#.#..###.###y###.# .#
..#.#.....K††#...* ..*


You could see a death knight (reflects damage), a skeletal warrior, a vampire
and 5 killer bees.

Vanquished Creatures
  Gastronok (D:9)
  Erica (D:11)
  The ghost of MisterAzrael the Skirmisher, a novice MiFi of Okawaru (D:8)
  Pikel (D:5)
  A cyclops (D:9)
  Joseph (D:7)
  Psyche (D:8)
  3 unseen horrors (D:11)
  Grinder (D:5)
  2 trolls
  Prince Ribbit (D:6)
  A shadow (D:10)
  A wraith (D:11)
  2 wargs (D:9)
  2 acid dragons
  4 water moccasins
  Duvessa (D:6)
  A sky beast (D:6)
  8 orc warriors
  3 ice beasts
  5 black bears
  3 ogres
  A necrophage (D:7)
  The ghost of Demosthentine the Poker, an amateur MfGl (D:3)
  2 centaurs
  3 phantoms
  3 kobold brigands
  5 bullfrogs
  2 scorpions (D:5)
  A gnoll sergeant (D:8)
  A wyvern skeleton (D:6)
  Dowan (D:6)
  A water moccasin skeleton (D:6)
  25 killer bees
  5 howler monkeys
  14 wights
  4 centaur zombies
  2 jellies
  5 orc priests
  Crazy Yiuf (D:3)
  3 hounds
  2 human zombies (Ossuary)
  A centaur skeleton (D:7)
  Terence (D:3)
  An iguana (D:5)
  10 orc wizards
  Ijyb (D:3)
  A hound zombie (D:5)
  A hound skeleton (D:4)
  2 mummies (Ossuary)
  A howler monkey zombie (D:5)
  Robin (D:3)
  3 gnolls (D:8)
  9 adders
  2 shadow imps
  2 white imps
  2 adder zombies (Ossuary)
  A worm (D:2)
  3 dart slugs
  30 orcs
  6 ball pythons
  7 endoplasms
  18 goblins
  12 hobgoblins
  2 jackals (D:3)
  6 quokkas
  8 bats
  2 frilled lizards
  A goblin zombie (Ossuary)
  12 hobgoblin zombies (Ossuary)
  2 jackal zombies (Ossuary)
  23 kobolds
  6 kobold zombies (Ossuary)
  9 orc zombies (Ossuary)
  2 rats
  A rat zombie (Ossuary)
316 creatures vanquished.

Vanquished Creatures (collateral kills)
  Sigmund (D:2)
  A killer bee (D:8)
  A kobold (D:3)
3 creatures vanquished.

Vanquished Creatures (others)
  21 fungi (D:10)
  24 plants (D:10)
45 creatures vanquished.

Grand Total: 364 creatures vanquished

Notes
Turn   | Place    | Note
-------+----------+-------------------------------------------
     0 | D:1      | flyleaff the Gnoll Wanderer began the quest for the Orb.
     0 | D:1      | flyleaff set off with the following items: a +0 club, a +0
                  | robe; and the following spells available to memorise: Magic
                  | Dart, Sting, Shock, Mephitic Cloud, Spider Form, Blink,
                  | Call Imp, Slow, Conjure Flame, Swiftness
     0 | D:1      | Reached XP level 1. HP: 13/13 MP: 4/4
     2 | D:1      | Learned a level 1 spell: Sting
   483 | D:1      | Reached XP level 2. HP: 19/19 MP: 1/5
   874 | D:1      | Reached XP level 3. HP: 25/25 MP: 4/7
   946 | D:1      | Learned a level 3 spell: Mephitic Cloud
  1370 | D:1      | Found a faded altar of an unknown god.
  1473 | D:1      | Reached skill level 1 in Invocations
  1878 | D:2      | Noticed Sigmund
  1884 | D:2      | Learned a level 2 spell: Call Imp
  1886 | D:2      | Learned a level 1 spell: Magic Dart
  2039 | D:2      | Killed Sigmund
  2040 | D:2      | Reached skill level 1 in Fighting
  2040 | D:2      | Reached skill level 1 in Short Blades
  2040 | D:2      | Reached skill level 1 in Long Blades
  2040 | D:2      | Reached skill level 1 in Axes
  2040 | D:2      | Reached skill level 1 in Maces & Flails
  2040 | D:2      | Reached skill level 1 in Polearms
  2040 | D:2      | Reached skill level 1 in Staves
  2040 | D:2      | Reached skill level 1 in Slings
  2040 | D:2      | Reached skill level 1 in Bows
  2040 | D:2      | Reached skill level 1 in Crossbows
  2040 | D:2      | Reached skill level 1 in Throwing
  2040 | D:2      | Reached skill level 1 in Armour
  2040 | D:2      | Reached skill level 1 in Dodging
  2040 | D:2      | Reached skill level 1 in Unarmed Combat
  2040 | D:2      | Reached skill level 1 in Hexes
  2040 | D:2      | Reached skill level 1 in Summonings
  2040 | D:2      | Reached skill level 1 in Translocations
  2040 | D:2      | Reached skill level 1 in Transmutations
  2040 | D:2      | Reached skill level 1 in Fire Magic
  2040 | D:2      | Reached skill level 1 in Ice Magic
  2040 | D:2      | Reached skill level 1 in Air Magic
  2040 | D:2      | Reached skill level 1 in Earth Magic
  2040 | D:2      | Reached skill level 1 in Evocations
  2040 | D:2      | Reached XP level 4. HP: 33/33 MP: 2/8
  2040 | D:2      | Reached XP level 5. HP: 38/38 MP: 2/9
  2469 | D:2      | Reached XP level 6. HP: 44/44 MP: 10/10
  2820 | D:2      | Identified a scroll of acquirement
  2820 | D:2      | Acquired a +6 fustibalus of flaming
  2872 | D:3      | Found Yshreoge's Weapon Emporium.
  2960 | D:3      | Noticed Ijyb
  2965 | D:3      | Killed Ijyb
  2986 | D:3      | Learned a level 2 spell: Blink
  2986 | D:3      | Noticed Terence
  2991 | D:3      | Killed Terence
  3070 | D:3      | Noticed Robin
  3074 | D:3      | Killed Robin
  3142 | D:3      | Found a runed translucent gate.
  3143 | D:3      | Found a runed translucent gate.
  3143 | D:3      | Found a runed translucent gate.
  3143 | D:3      | Noticed Demosthentine's ghost (amateur MfGl)
  3315 | D:3      | Found a stormy altar of Qazlal.
  3331 | D:3      | Found a blossoming altar of Fedhas.
  3563 | D:3      | Found a runed translucent door.
  3564 | D:3      | Noticed Crazy Yiuf
  3721 | D:3      | Learned a level 2 spell: Slow
  3760 | D:3      | Reached XP level 7. HP: 24/50 MP: 1/12
  3776 | D:3      | Killed Demosthentine's ghost
  3923 | D:3      | Killed Crazy Yiuf
  4268 | D:4      | Found a staircase to the Ecumenical Temple.
  4284 | Temple   | Entered the Ecumenical Temple
  4507 | Temple   | Became a worshipper of Ashenzari the Shackled
  5049 | D:5      | Entered Level 5 of the Dungeon
  5119 | D:5      | Found a sand-covered staircase.
  5123 | Ossuary  | Entered an ossuary
  5279 | Ossuary  | Reached skill level 6 in Poison Magic
  5279 | Ossuary  | Reached XP level 8. HP: 57/57 MP: 14/14
  5606 | D:5      | Noticed Grinder
  5616 | D:5      | Killed Grinder
  5772 | D:5      | Noticed Pikel
  5788 | D:5      | Killed Pikel
  5789 | D:5      | Reached skill level 5 in Conjurations
  5789 | D:5      | Reached skill level 5 in Necromancy
  5789 | D:5      | Reached XP level 9. HP: 28/66 MP: 14/17
  6049 | D:5      | Reached skill level 5 in Spellcasting
  6350 | D:5      | Found a glowing silver altar of Zin.
  6350 | D:5      | Found an opulent altar of Gozag.
  6438 | D:5      | Reached skill level 5 in Shields
  6506 | D:5      | Learned a level 4 spell: Flame Wave
  6754 | D:6      | Reached skill level 5 in Stealth
  6929 | D:6      | Noticed Prince Ribbit
  6954 | D:6      | Killed Prince Ribbit
  6955 | D:6      | Reached skill level 5 in Invocations
  7117 | D:6      | Reached * piety under Ashenzari
  7681 | D:6      | Noticed Dowan
  7686 | D:6      | Killed Dowan
  7688 | D:6      | Noticed Duvessa
  7693 | D:6      | Reached XP level 10. HP: 77/77 MP: 17/20
  7704 | D:6      | Killed Duvessa
  8159 | D:7      | Reached skill level 5 in Fighting
  8159 | D:7      | Reached skill level 5 in Short Blades
  8159 | D:7      | Reached skill level 5 in Long Blades
  8159 | D:7      | Reached skill level 5 in Axes
  8159 | D:7      | Reached skill level 5 in Maces & Flails
  8159 | D:7      | Reached skill level 5 in Polearms
  8159 | D:7      | Reached skill level 5 in Staves
  8159 | D:7      | Reached skill level 5 in Slings
  8159 | D:7      | Reached skill level 5 in Bows
  8159 | D:7      | Reached skill level 5 in Crossbows
  8159 | D:7      | Reached skill level 5 in Throwing
  8159 | D:7      | Reached skill level 5 in Armour
  8159 | D:7      | Reached skill level 5 in Dodging
  8159 | D:7      | Reached skill level 5 in Unarmed Combat
  8159 | D:7      | Reached skill level 5 in Evocations
  8405 | D:7      | Identified the +0 robe "Ziecsif" {*Slow +Blink rC+ Stlth+}
  8447 | D:7      | Reached skill level 7 in Poison Magic
  9025 | D:7      | Noticed Joseph
  9037 | D:7      | Killed Joseph
  9130 | D:7      | Reached ** piety under Ashenzari
  9830 | D:8      | Found Zog Mei's Changing Room.
  9900 | D:8      | Noticed Psyche
  9910 | D:8      | Killed Psyche
  9992 | D:8      | Found Reokara's Gadget Gallery.
 10281 | D:8      | Found a runed translucent door.
 10282 | D:8      | Noticed MisterAzrael's ghost (novice MiFi)
 10471 | D:8      | Killed MisterAzrael's ghost
 10472 | D:8      | Reached XP level 11. HP: 24/89 MP: 24/24
 10744 | D:8      | Learned a level 3 spell: Swiftness
 10945 | D:9      | Found a shadowy altar of Dithmenos.
 10947 | D:9      | Found an iron altar of Okawaru.
 10963 | D:9      | Found a snail-covered altar of Cheibriados.
 10977 | D:9      | Found a burning altar of Makhleb.
 10980 | D:9      | Found a shimmering blue altar of Sif Muna.
 11133 | D:9      | Identified the +5 whip of Upheaval {vamp, rN+ Dex+3}
 11167 | D:9      | Found a staircase to the Orcish Mines.
 11173 | D:9      | Noticed a cyclops
 11187 | D:9      | Killed a cyclops
 11188 | D:9      | Reached skill level 5 in Hexes
 11188 | D:9      | Reached skill level 5 in Summonings
 11188 | D:9      | Reached skill level 5 in Translocations
 11188 | D:9      | Reached skill level 5 in Transmutations
 11188 | D:9      | Reached skill level 5 in Fire Magic
 11188 | D:9      | Reached skill level 5 in Ice Magic
 11188 | D:9      | Reached skill level 5 in Air Magic
 11188 | D:9      | Reached skill level 5 in Earth Magic
 11762 | D:9      | Reached *** piety under Ashenzari
 11815 | D:9      | Learned a level 9 spell: Fire Storm
 11933 | D:9      | Noticed Gastronok
 11960 | D:9      | Killed Gastronok
 12468 | D:10     | Entered Level 10 of the Dungeon
 12472 | D:10     | Found a staircase to the Lair.
 13490 | D:11     | Noticed Erica
 13503 | D:11     | Killed Erica
 13704 | D:11     | Noticed a death knight
 13717 | D:11     | Reached skill level 8 in Poison Magic
 13717 | D:11     | Reached XP level 12. HP: 88/99 MP: 21/27
 13730 | D:11     | HP: 3/99 [killer bee (6)]
 13731 | D:11     | HP: 1/99 [poisoned by a killer bee]
 13732 | D:11     | Succumbed to a killer bee's poison

Illustrated notes

Levels and vault maps discovered:
D:1:      dpeg_arrival_morbid_curiosity, layout_basic, basic_ecumenical_altar
D:2:      layout_basic, serial_glass, glass_columns_a, glass_columns_a,
          uniq_sigmund
D:3:      layout_loops_cross, grunt_temple_overflow_forces_of_nature,
          gammafunk_ghost_nasty_kobolds, serial_shops,
          nicolae_shop_temple_entry_statues_fountains, uniq_ijyb, uniq_robin,
          uniq_terence, uniq_crazy_yiuf_cottage
D:4:      layout_basic, minmay_temple_entry_stoned_glass
D:5:      layout_loops_ring, grunt_temple_overflow_gold_and_silver,
          enter_ossuary_5, chequers_mini_garden, uniq_grinder, uniq_pikel
D:6:      layout_layer_cave, kennysheep_boxes, uniq_prince_ribbit1, uniq_duvessa
D:7:      layout_gridville, uniq_joseph
D:8:      layout_loops_ring, gammafunk_ghost_grave, nicolae_transmutations_shop,
          hangedman_glass_teeth, nicolae_shop_gadgets, uniq_psyche
D:9:      layout_irregular_city, grunt_temple_overflow_open, david_orc_1_choice,
          uniq_gastronok
D:10:     layout_loops_ring, due_lair_maze_entry_diamond
D:11:     hangedman_what_comes_after_a, layout_stronghold, uniq_erica
Temple:   nicolae_temple_figure_eight

Skill      XL: |  1  2  3  4  5  6  7  8  9 10 11 |
---------------+----------------------------------+-----
Invocations    | 1 2 3 4 5 6 7 |  7.5
Fighting       | 1 2 4 5 6 |  6.9
Short Blades   | 1 2 4 5 6 |  6.9
Long Blades    | 1 2 4 5 6 |  6.9
Axes           | 1 2 4 5 6 |  6.9
Maces & Flails | 1 2 4 5 6 |  6.9
Polearms       | 1 2 4 5 6 |  6.9
Staves         | 1 2 4 5 6 |  6.9
Slings         | 1 2 4 5 6 |  6.9
Bows           | 1 2 4 5 6 |  6.9
Crossbows      | 1 2 4 5 6 |  6.9
Throwing       | 1 2 4 5 6 |  6.9
Armour         | 1 2 4 5 6 |  6.9
Dodging        | 1 2 4 5 6 |  6.9
Shields        | 3 4 5 6 7 |  7.4
Unarmed Combat | 1 2 4 5 6 |  6.9
Spellcasting   | 3 4 5 6 7 |  7.5
Conjurations   | 4 5 6 |  6.9
Hexes          | 1 2 3 4 5 |  5.7
Summonings     | 1 2 3 4 5 |  5.7
Necromancy     | 4 5 6 |  6.9
Translocations | 1 2 3 4 5 |  5.7
Transmutations | 1 2 3 4 5 |  5.7
Fire Magic     | 1 2 3 4 5 |  5.7
Ice Magic      | 1 2 3 4 5 |  5.7
Air Magic      | 1 2 3 4 5 |  5.7
Earth Magic    | 1 2 3 4 5 |  5.7
Evocations     | 1 2 4 5 6 |  6.9
Stealth        | 3 4 5 6 7 |  7.3
Poison Magic   | 6 7 8 |  8.0

Action                   |  1- 3 |  4- 6 |  7- 9 | 10-12 || total
-------------------------+-------+-------+-------+-------++-------
Melee: Long sword        |    15 |       |       |       ||    15
       Bite              |     1 |     1 |       |    39 ||    41
       Scythe            |       |    32 |       |       ||    32
       Whip              |       |       |     9 |   346 ||   355
       Spear             |       |       |       |    57 ||    57
       Punch             |       |       |       |    13 ||    13
 Fire: Fustibalus        |       |    67 |   301 |   207 ||   575
 Cast: Sting             |    50 |     2 |     1 |     4 ||    57
       Mephitic Cloud    |     2 |     3 |     8 |    12 ||    25
       Call Imp          |     2 |     3 |       |       ||     5
       Magic Dart        |       |     4 |       |       ||     4
       Flame Wave        |       |       |     2 |     5 ||     7
       Blink             |       |       |       |     3 ||     3
Invok: Curse Item        |       |       |     2 |     3 ||     5
  Use: Scroll            |     3 |     3 |     3 |     3 ||    12
       Potion            |       |       |     2 |    15 ||    17
 Stab: Sleeping          |       |     2 |       |     2 ||     4
       Distracted        |       |     1 |       |     1 ||     2
Armor: Robe              |     5 |     8 |    26 |    27 ||    66
       Skin              |       |       |     9 |       ||     9
       Acid dragon scale |       |       |       |   125 ||   125
Dodge: Dodged            |    32 |    29 |   107 |   368 ||   536

Table legend: (Time is in decaauts)
 A = Elapsed time spent in this place.
 B = Non-inter-level travel time spent in this place.
 C = Inter-level travel time spent in this place.
 D = Time resting spent in this place.
 E = Time spent auto-exploring this place.
 F = Levels seen in this place.
 G = Mean time per level.
                   A        B        C        D        E       F      G
               +--------+--------+--------+--------+--------+-----+--------+
         Total |  13722 |  13329 |    393 |    108 |  10786 |  13 | 1055.5 |
       Dungeon |  13121 |  12739 |    382 |    108 |  10372 |  11 | 1192.8 |
        Temple |    235 |    224 |     11 |      0 |    193 |   1 |  235.0 |
       Ossuary |    364 |    364 |      0 |      0 |    221 |   1 |  364.0 |
               +--------+--------+--------+--------+--------+-----+--------+

Top non-repeatable levels by time:
     D:1: 1846 daAuts
     D:9: 1672 daAuts
     D:6: 1432 daAuts
     D:5: 1346 daAuts
     D:7: 1334 daAuts
     D:8: 1288 daAuts
     D:3: 1205 daAuts
     D:2: 1060 daAuts
    D:10: 878 daAuts
     D:4: 765 daAuts
 Ossuary: 364 daAuts
    D:11: 291 daAuts
  Temple: 235 daAuts
